 Dungeon Crawl Stone Soup version 0.23-a0-667-gc184e93 (console) character file.

8 Duffy the Firebug (level 2, 7/19 HPs)
             Began as a Demonspawn Fire Elementalist on Jan 8, 2019.
             Quit the game on level 1 of the Dungeon.
             The game lasted 00:00:28 (596 turns).

Duffy the Firebug (Demonspawn Fire Elementalist)     Turns: 596, Time: 00:00:29

Health: 7/19       AC:  2    Str:  8    XL:     2   Next: 0%
Magic:  0/5        EV: 12    Int: 16    God:
Gold:   10         SH:  0    Dex: 13    Spells: 4/5 levels left

rFire    . . .     SeeInvis .   (no weapon)
rCold    + . .     Gourm    .   (no shield)
rNeg     . . .     Faith    .   a - +0 robe
rPois    .         Spirit   .   (no helmet)
rElec    .         Reflect  .   (no cloak)
rCorr    .         Harm     .   (no gloves)
MR       .....                  (no boots)
Stlth    ++........             (no amulet)
HPRegen  0.06/turn              (no ring)
MPRegen  0.09/turn              (no ring)

@: no status effects
A: cold resistance 1
a: no special abilities


You were on level 1 of the Dungeon.
You were not hungry.

You visited 1 branch of the dungeon, and saw 1 of its levels.

You collected 10 gold pieces.

Inventory:

Armour
 a - a +0 robe (worn)
Scrolls
 d - a scroll of enchant weapon {unknown}
Potions
 b - a potion of magic {unknown}
Comestibles
 c - a ration
 f - a chunk of flesh


   Skills:
 - Level 1.7 Dodging
 - Level 1.7 Stealth
 - Level 2.0 Spellcasting
 + Level 2.1 Conjurations
 - Level 2.6 Fire Magic


You had 4 spell levels left.
You knew the following spells:

 Your Spells              Type           Power        Failure   Level  Hunger
h - Flame Tongue          Conj/Fire      #....        8%          1    #......

Your spell library contained the following spells:

 Spells                   Type           Power        Failure   Level  Hunger
 Throw Flame              Conj/Fire      #.....       12%         2    ###....
 Conjure Flame            Conj/Fire      #.......     24%         3    ###....
 Inner Flame              Hex/Fire       #.......     34%         3    ###....
 Sticky Flame             Conj/Fire      #.......     61%         4    #####..
 Fireball                 Conj/Fire      #.........   91%         5    ######.


Dungeon Overview and Level Annotations

Branches:
Dungeon (1/15)

Altars:


Innate Abilities, Weirdness & Mutations

Your flesh is cold resistant. (rC+)


Message History

The bat barely misses you.
You hit the bat.
The bat is moderately wounded.
The bat hits you but does no damage.
You closely miss the bat. The bat barely misses you. The bat hits you.
You hit the bat.
The bat is heavily wounded.
The bat hits you but does no damage. x2
The bat completely misses you.
Casting: Flame Tongue (safe; 8% risk of failure)
Confirm with . or Enter, or press ? or * to list all spells.
Aiming: Flame Tongue (safe; 8% risk of failure)
Press: ? - help, Shift-Dir - straight line, f/p - bat
Aim: a bat (heavily wounded)
The flame tongue hits the bat.
You kill the bat!
You have reached level 2!
Your demonic ancestry asserts itself...
You feel resistant to cold.
Are you sure you want to abandon this character and quit the game? (Confirm

#...##.#.# ######### #...##.#.#
#........ #...##.#.# #........
##.#####...##.#.# ######........
#.....%.....#.#.###....%........
........................$.....)..
.............#.#.###.............
..#+#####...##.#.###.............
. #...##.#@........##.#####
#......#####.....# ...
.#.#####.####### ##.##..# ####
.................##.#...#
.#.#####(##.####.##.#..##
#.##......##.#..#
#................
####.......###..# #........


There were no monsters in sight!

Vanquished Creatures
  3 bats (D:1)
  3 hobgoblins (D:1)
  A rat (D:1)
7 creatures vanquished.

Notes
Turn   | Place    | Note
-------+----------+-------------------------------------------
     0 | D:1      | Duffy the Demonspawn Fire Elementalist began the quest for
                  | the Orb.
     0 | D:1      | Reached XP level 1. HP: 13/13 MP: 3/3
   595 | D:1      | Gained mutation: Your flesh is cold resistant. (rC+)
                  | [demonic ancestry]
   595 | D:1      | Reached XP level 2. HP: 7/19 MP: 0/5
   596 | D:1      | Quit the game

Vault maps used:
D:1:      sevenhm_arrival_forest_fort_large_2

Skill      XL: |  1 |
---------------+----+-----
Conjurations   | 2 |  2.1
Dodging        | |  1.7
Stealth        | |  1.7
Spellcasting   | |  2.0
Fire Magic     | |  2.6

Action                   || total
-------------------------++-------
Melee: Unarmed           ||    24
 Cast: Flame Tongue      ||    17
Armor: Robe              ||    21
Dodge: Dodged            ||    30

Table legend:
 A = Non-vault XP
 B = Vault XP
 C = Vault XP percentage of total XP
 D = Non-vault monster count
 E = Vault monster count
 F = Vault count percentage of total count
                 A         B        C        D         E       F
            +---------+---------+-------+---------+---------+-------
      Total |      12 |       0 |   0.0 |       7 |       0 |   0.0
            +---------+---------+-------+---------+---------+-------
        D:1 |      12 |       0 |   0.0 |       7 |       0 |   0.0
            +---------+---------+-------+---------+---------+-------
